 Dungeon Crawl Stone Soup version 0.31.0-11-ge490571c62 (webtiles) character file.

Game seed: 12007022782798877548

170 qw the Skirmisher (level 5, -1/29 HPs)
             Began as a Deep Elf Hunter on Feb 3, 2024.
             Incinerated by a bombardier beetle (6 damage)
             ... with a burning spray
             ... on level 3 of the Dungeon.
             The game lasted 00:00:07 (1781 turns).

qw the Skirmisher (Deep Elf Hunter)                 Turns: 1781, Time: 00:00:07

Health: -1/29      AC:  7    Str: 10    XL:     5   Next: 25%
Magic:  7/7        EV: 11    Int: 14    God:
Gold:   90         SH:  0    Dex: 18    Spells: 4/4 levels left

rFire   . . .        a - +1 shortbow
rCold   + . .        (shield currently unavailable)
rNeg    . . .        e - +2 ring mail {rC+}
rPois   .            (no helmet)
rElec   .            (no cloak)
rCorr   .            (no gloves)
SInv    .            (no boots)
Will    .....        (no amulet)
Stlth   +            (no ring)
HPRegen 0.24/turn    (no ring)
MPRegen 0.10/turn

%: no passive effects
@: on fire, glowing
A: no striking features
a: no special abilities


You were on level 3 of the Dungeon.
You visited 1 branch of the dungeon, and saw 3 of its levels.

You collected 90 gold pieces.


   Skills:
 - Level 1.5 Fighting
 + Level 8.7 Ranged Weapons
 - Level 2.4 Dodging
 - Level 1.2 Stealth


You had 4 spell levels left.
You didn't know any spells.
Your spell library was empty.

Inventory:

Hand Weapons
 a - a +1 shortbow (weapon)
Armour
 c - the +1 helmet of the Land of Plenty {-Tele Harm Str+3 Dex+2}
   (You acquired it on level 1 of the Dungeon)

   Str+3:     It affects your strength (+3).
   Dex+2:     It affects your dexterity (+2).
   -Tele:     It prevents most forms of teleportation.
   Harm:      It increases damage dealt and taken.
 e - a +2 ring mail of cold resistance (worn)
 i - a +0 pair of boots
Jewellery
 b - a ring of fire
Scrolls
 f - 3 scrolls of teleportation
 h - a scroll of identify
Potions
 d - 2 potions of heal wounds {unknown}
 g - a potion of lignification {unknown}
 j - a potion of might
 l - a potion of curing
 m - a potion of resistance

Dungeon Overview and Level Annotations

Branches:
Dungeon (3/15)

Altars:


Message History

There is a stone staircase leading up here.
An endoplasm comes into view.
Found a stone staircase leading down.
The endoplasm quivers.
You shoot an arrow. The arrow barely misses the endoplasm.
You shoot an arrow. The arrow hits the endoplasm!
You kill the endoplasm!
Found a book of the Tundra.
A bombardier beetle and a bat come into view.
You shoot an arrow.
The arrow completely misses the bombardier beetle.
You shoot an arrow. The arrow hits the bombardier beetle.
The bombardier beetle is moderately wounded.
You shoot an arrow.
The arrow barely misses the bombardier beetle.
You shoot an arrow. The arrow hits the bombardier beetle.
The bombardier beetle is moderately wounded.
You shoot an arrow. The arrow hits the bombardier beetle.
The bombardier beetle is heavily wounded.
The bombardier beetle sprays incendiary fluid at you.
The burning spray hits you.
You are covered in liquid fire!
You shoot an arrow. The arrow hits the bombardier beetle!
The bombardier beetle is almost dead.
The liquid fire burns you!
You shoot an arrow. The arrow hits the bombardier beetle.
You kill the bombardier beetle!
The liquid fire burns you! The bat misses you.
You have reached level 5!
You shoot an arrow. The arrow hits the bat!
You kill the bat!
The liquid fire burns you!
You are on fire!
The liquid fire burns you!
You are on fire!
The liquid fire burns you!
You are on fire!
The liquid fire burns you!
You die...

.........#
......... ###
....... ...
#.%>..#
###..#.....#
.."..#.....#
..:........#
#...@...#
#.##....##
##.#..####
#.#....[# ###
#.#.....#######..
#................
###.....#######..
#.....# ###
##....# #


There were no monsters in sight!

Vanquished Creatures
  2 bombardier beetles (D:3)
  5 adders
  2 dart slugs (D:1)
  A ribbon worm (D:2)
  3 ball pythons
  5 bats
  5 endoplasms
  4 giant cockroaches
  4 goblins
  5 hobgoblins
  3 quokkas (D:2)
  3 frilled lizards (D:1)
  4 kobolds
  6 rats
52 creatures vanquished.

Notes
Turn   | Place    | Note
-------+----------+-------------------------------------------
     0 | D:1      | qw the Deep Elf Hunter began the quest for the Orb.
     0 | D:1      | Reached XP level 1. HP: 12/12 MP: 3/3
     0 | D:1      | 0 ||| qw: Version: 0.3-a-157-g843a77d
     0 | D:1      | 0 ||| qw: Game counter: 3577
     0 | D:1      | 0 ||| qw: Melee chars always use a shield: true
     0 | D:1      | 0 ||| qw: God list: Okawaru
     0 | D:1      | 0 ||| qw: Allow faded altars: false
     0 | D:1      | 0 ||| qw: Do Orc after clearing Dungeon:15 true
     0 | D:1      | 0 ||| qw: Do second Lair branch before Depths: true
     0 | D:1      | 0 ||| qw: Lair rune preference: random
     0 | D:1      | 0 ||| qw: Goals: Normal
     0 | D:1      | 0 ||| PLANNING D:1-11
    84 | D:1      | Reached skill level 6 in Ranged Weapons
    84 | D:1      | Reached XP level 2. HP: 16/16 MP: 4/4
   360 | D:1      | Reached XP level 3. HP: 20/20 MP: 5/5
   422 | D:1      | 422 ||| UPGRADING to +2 ring mail of cold resistance.
   432 | D:1      | 432 ||| DROPPING +0 leather armour.
   433 | D:1      | 433 ||| READING scroll labelled WEVOIC NUHI.
   433 | D:1      | Identified a scroll of acquirement
   433 | D:1      | 433 ||| ACQUIRING +1 helmet of the Land of Plenty {-Tele
                  | Harm Str+3 Dex+2}
   433 | D:1      | Acquired the +1 helmet of the Land of Plenty {-Tele Harm
                  | Str+3 Dex+2}
   435 | D:1      | 435 ||| READING 2 scrolls labelled IKHLUNGAKKE.
   439 | D:1      | 439 ||| READING scroll labelled ZUPAIMEPTA.
   440 | D:1      | 440 ||| READING 2 scrolls labelled GEDOCZ BAUNWIN.
   440 | D:1      | 440 ||| IDENTIFYING golden potion
   441 | D:1      | 441 ||| READING scroll of identify.
   441 | D:1      | 441 ||| IDENTIFYING metallic green potion
   442 | D:1      | 442 ||| READING 3 scrolls labelled BAACHA FEOREKH.
   443 | D:1      | 443 ||| READING scroll labelled RUCSYSO MERUYTS.
   443 | D:1      | 443 ||| ENCHANTING +0 shortbow.
   444 | D:1      | 444 ||| DRINKING 2 clear potions.
   445 | D:1      | 445 ||| DROPPING scroll of butterflies.
   446 | D:1      | 446 ||| DROPPING 2 scrolls of amnesia.
   507 | D:2      | Noticed an eye of devastation
   508 | D:2      | Found a faded altar of an unknown god.
   516 | D:2      | Noticed a golden eye
   520 | D:2      | Identified the +5 dagger "Quiciceq" {protect, rN+ Str+6
                  | Dex+3}
   524 | D:2      | Noticed a glass eye
   529 | D:2      | Noticed an eye of devastation
   749 | D:2      | Reached skill level 7 in Ranged Weapons
  1130 | D:2      | Reached XP level 4. HP: 25/25 MP: 6/6
  1343 | D:2      | 1343 ||| READING scroll labelled SASAYM KINEMU.
  1344 | D:2      | 1344 ||| READING scroll labelled KOAC ECSAITOCK.
  1492 | D:3      | Reached skill level 8 in Ranged Weapons
  1778 | D:3      | Reached XP level 5. HP: 17/29 MP: 7/7
  1780 | D:3      | HP: 5/29 [burnt (4)]
  1781 | D:3      | Incinerated by a bombardier beetle

Levels and vault maps discovered:
D:1:      amcnicky_arrival_gap_in_the_tavern_cellar, layout_basic,
          chequers_mini_garden, minmay_pentomino_z4
D:2:      layout_basic, hellmonk_ecumenical_altar_watching_god
D:3:      layout_basic, serial_shops, shop

Skill      XL: |  1  2  3  4 |
---------------+-------------+-----
Ranged Weapons | 6 7 8 |  8.7
Fighting       | |  1.5
Dodging        | |  2.4
Stealth        | |  1.2

Action                     |  1- 3 |  4- 6 || total
---------------------------+-------+-------++-------
   Fire: Shortbow          |   115 |    45 ||   160
    Use: Scroll            |     7 |     2 ||     9
         Potion            |     1 |       ||     1
 Armour: Leather armour    |     8 |       ||     8
         Ring mail         |    14 |    15 ||    29
  Dodge: Dodged            |    21 |    10 ||    31

Table legend:
 A = Non-vault XP
 B = Vault XP
 C = Vault XP percentage of total XP
 D = Non-vault monster count
 E = Vault monster count
 F = Vault count percentage of total count
                 A         B        C        D         E       F
            +---------+---------+-------+---------+---------+-------
      Total |     242 |       1 |   0.4 |      51 |       1 |   1.9
            +---------+---------+-------+---------+---------+-------
        D:1 |      40 |       1 |   2.4 |      21 |       1 |   4.5
        D:2 |      83 |       0 |   0.0 |      20 |       0 |   0.0
        D:3 |     119 |       0 |   0.0 |      10 |       0 |   0.0
            +---------+---------+-------+---------+---------+-------
